 Dungeon Crawl Stone Soup version 0.27.1-33-g824d729ab1 (webtiles) character file.

Game seed: 3188661608344609443

840 safid the Cleaver (level 8, -16/66 HPs)
             Began as a Hill Orc Fighter on Dec 23, 2021.
             Was a Follower of Beogh.
             Demolished by a shadow (21 damage)
             ... on level 5 of the Dungeon.
             The game lasted 00:10:00 (4877 turns).

safid the Cleaver (Hill Orc Fighter)                Turns: 4877, Time: 00:10:00

Health: -16/66     AC: 14    Str: 27    XL:     8   Next: 0%
Magic:  8/8        EV:  5    Int:  8    God:    Beogh [*.....]
Gold:   154        SH: 11    Dex: 10    Spells: 7/7 levels left

rFire    + + .     SeeInvis .   a - +0 war axe
rCold    . . .     Faith    .   c - +0 kite shield
rNeg     . . .     Spirit   .   o - +0 plate armour
rPois    .         Reflect  .   m - +0 helmet
rElec    .         Harm     .   d - +0 cloak
rCorr    .         Rampage  .   (no gloves)
Will     .....                  (no boots)
Stlth    ..........             (no amulet)
HPRegen  0.21/turn              g - ring of protection from fire
MPRegen  0.11/turn              n - ring "Tocluguc" {rF+ Str+6}

@: no status effects
A: no striking features
a: Renounce Religion


You were on level 5 of the Dungeon.
You worshipped Beogh.
Beogh was aware of your devotion.
You visited 1 branch of the dungeon, and saw 5 of its levels.

You collected 154 gold pieces.

Inventory:

Hand Weapons
 a - a +0 war axe (weapon)
Missiles
 h - 15 poisoned darts (quivered)
Armour
 c - a +0 kite shield (worn)
 d - a +0 cloak (worn)
 m - a +0 helmet (worn)
 o - a +0 plate armour (worn)
Jewellery
 g - a ring of protection from fire (left hand)
 l - a ring of fire
 n - the ring "Tocluguc" (right hand) {rF+ Str+6}
   (You found it on level 4 of the Dungeon)

   [ring of strength]

   Str:       It affects your strength (+6).
   rF:        It protects you from fire.
Wands
 q - a wand of acid (3)
Scrolls
 i - a scroll of silence {unknown}
 j - 3 scrolls of identify {unknown}
 k - a scroll of magic mapping {unknown}
 p - a scroll of fear {unknown}
Potions
 b - a potion of flight {unknown}
 e - a potion of heal wounds {unknown}
 f - 2 potions of curing {unknown}
 r - a potion of attraction {unknown}


   Skills:
 - Level 4.0 Fighting
 + Level 8.2 Axes
 - Level 4.0 Armour
 + Level 7.2 Shields


You had 7 spell levels left.
You didn't know any spells.
Your spell library contained the following spells:

 Spells                   Type           Power      Damage    Failure   Level
 Beastly Appendage        Tmut           0%         N/A       100%        1
 Sandblast                Erth           0%         2d4       100%        1
 Passwall                 Tmut/Erth      0%         N/A       100%        2
 Wereblood                Tmut           0%         N/A       100%        2
 Ozocubu's Armour         Ice            0%         N/A       100%        3
 Spider Form              Tmut/Pois      0%         N/A       100%        3
 Lee's Rapid Deconstruct  Erth           0%         3d5*      100%        5
 Ozocubu's Refrigeration  Ice            0%         4d5       100%        7


Dungeon Overview and Level Annotations

Branches:
Dungeon (5/15)
 Temple: D:4-7

Altars:
Dithmenos
Okawaru
Qazlal


Message History

You closely miss the orc.
The orc is heavily wounded.
The orc hits you but does no damage.
Unknown command.
You closely miss the orc.
The orc is heavily wounded.
You block the orc's attack.
Unknown command.
The shadow strikes at you from the darkness!
The shadow strikes at you from the darkness!
Reactivating autopickup.
There is an open door here.
Your plate armour prevents you from hitting the shadow.
The shadow hits you. The orc barely misses you.
You slash the shadow!
The shadow is heavily damaged.
The shadow hits you. The orc barely misses you.
You closely miss the shadow.
The shadow is heavily damaged.
The shadow hits you! You block the orc's attack.
The shadow slips into darkness.
The shadow flickers and vanishes!
Deactivating autopickup; reactivate with Ctrl-A.
You closely miss something. You block the orc's attack.
The shadow strikes at you from the darkness!
* * * LOW HITPOINT WARNING * * *
Reactivating autopickup.
You block the orc's attack.
The shadow slips into darkness.
The shadow flickers and vanishes!
Deactivating autopickup; reactivate with Ctrl-A.
The shadow strikes at you from the darkness!
* * * LOW HITPOINT WARNING * * *
Reactivating autopickup.
The shadow slips into darkness.
The shadow flickers and vanishes!
Deactivating autopickup; reactivate with Ctrl-A.
The shadow strikes at you from the darkness!
The shadow strikes at you from the darkness!
You die...

##########################
...............#.....#...#
......)........#.....#...#
.......).......#.....#...#
#'###.##..##.###...###..#####
..###.############'###..##..##
.............................#
.............................#
............or..@............#
##.####....####..####..###..##
##.####..o.###########'###..##
.'...#...r.#...........#.....#
.#...#.....#...........#.....# ..
##...##....#...........#.....##..
##...##)...#.....##....##....##..
.#...))....#.....#####'##....##..
.#.........##....##.....#....#...


You could see an orc and a quokka.

Vanquished Creatures
  A water moccasin (D:3)
  An ogre (D:5)
  A bullfrog (D:5)
  3 scorpions (D:5)
  A centaur zombie (D:5)
  A jelly (D:4)
  A hound (D:4)
  An iguana (D:5)
  2 orc wizards
  A hound zombie (D:5)
  2 howler monkey zombies
  Robin (D:3)
  3 gnolls (D:5)
  7 adders
  An adder skeleton (D:4)
  3 worms
  2 dart slugs
  7 orcs
  7 endoplasms
  4 giant cockroaches
  10 goblins
  9 hobgoblins
  8 jackals
  A quokka (D:3)
  4 ball pythons
  5 bats
  4 kobolds
  4 rats
95 creatures vanquished.

Vanquished Creatures (others)
  An orc (D:3)
1 creature vanquished.

Grand Total: 96 creatures vanquished

Notes
Turn   | Place    | Note
-------+----------+-------------------------------------------
     0 | D:1      | safid the Hill Orc Fighter began the quest for the Orb.
     0 | D:1      | Reached XP level 1. HP: 19/19 MP: 1/1
   599 | D:1      | Reached skill level 3 in Axes
   599 | D:1      | Reached XP level 2. HP: 24/27 MP: 2/2
  1063 | D:1      | Reached XP level 3. HP: 4/33 MP: 3/3
  1374 | D:2      | Reached XP level 4. HP: 26/40 MP: 4/4
  1377 | D:2      | Reached skill level 4 in Axes
  2055 | D:3      | Became a worshipper of Beogh the Brigand
  2066 | D:3      | Found a faded altar of an unknown god.
  2143 | D:3      | Noticed Robin
  2455 | D:3      | Killed Robin
  2681 | D:3      | Reached XP level 5. HP: 46/46 MP: 5/5
  2805 | D:3      | Found an iron altar of Okawaru.
  3151 | D:4      | Reached skill level 5 in Axes
  3151 | D:4      | Noticed a water moccasin
  3188 | D:3      | Killed a water moccasin
  3188 | D:3      | Reached * piety under Beogh
  3189 | D:3      | Reached skill level 5 in Shields
  3189 | D:3      | Reached XP level 6. HP: 15/52 MP: 6/6
  3517 | D:4      | Found a shadowy altar of Dithmenos.
  3517 | D:4      | Found a stormy altar of Qazlal.
  3527 | D:4      | Reached skill level 6 in Axes
  3677 | D:4      | Identified the ring "Tocluguc" {rF+ Str+6}
  3975 | D:5      | Entered Level 5 of the Dungeon
  4184 | D:5      | Reached XP level 7. HP: 39/59 MP: 7/7
  4333 | D:5      | Reached skill level 7 in Axes
  4764 | D:5      | Reached skill level 8 in Axes
  4784 | D:5      | Noticed a shadow
  4811 | D:5      | Reached XP level 8. HP: 51/66 MP: 8/8
  4862 | D:5      | HP: 1/66 [something (6)]
  4877 | D:5      | Demolished by a shadow

Illustrated notes

Levels and vault maps discovered:
D:1:      lemuel_arrival_rhombus, layout_loops_corners, serial_forest,
          infiniplex_forest_lined_room_2, infiniplex_forest_corner_1,
          infiniplex_forest_clump_tiny, infiniplex_forest_end_1,
          infiniplex_forest_lined_3_way, infiniplex_forest_lined_corner,
          infiniplex_forest_zigzag_1, infiniplex_forest_straight_3,
          infiniplex_forest_clump_long, infiniplex_forest_end_1
D:2:      layout_basic, ebering_dispersal_statue_hall, minmay_misc_feat_columns,
          dk_noncrumbling_4
D:3:      layout_loops_ring, mainiacjoe_overflow_alcove_2,
          hellmonk_ecumenical_altar_crossroads, kennysheep_donut,
          chequers_serial_rivers_marsh, kennysheep_nub,
          minmay_misc_feat_encased, uniq_robin
D:4:      layout_cave_pools, chequers_temple_overflow_statue_of_worship
D:5:      minmay_clustersquares, layout_gridville

Skill      XL: |  1  2  3  4  5  6  7 |
---------------+----------------------+-----
Axes           | 3 4 5 6 8 |  8.2
Fighting       | 4 |  4.0
Armour         | 4 |  4.0
Shields        | 4 5 6 7 |  7.2

Action                   |  1- 3 |  4- 6 |  7- 9 || total
-------------------------+-------+-------+-------++-------
Melee: War axe           |    57 |   171 |    94 ||   322
Throw: Dart              |     2 |     2 |     1 ||     5
Invok: Convert to Beogh  |       |     1 |       ||     1
  Use: Potion            |       |     1 |       ||     1
Armor: Scale mail        |    57 |    61 |       ||   118
       Plate armour      |       |    17 |    49 ||    66
Dodge: Dodged            |    23 |    66 |    13 ||   102
Block: Kite shield       |    49 |   120 |    64 ||   233
